 Dungeon Crawl Stone Soup version 0.30-a0-311-gf115ab0292 (webtiles) character file.

Game seed: 17679015734694553585

7747 Lobster4 the Destroyer (level 11, -9/97 HPs)
             Began as a White Draconian Conjurer on Oct 26, 2022.
             Was a Priest of the Shining One.
             Killed from afar by a wretched star (35 damage)
             ... with a lance of force
             ... on level 1 of the Abyss.
             The game lasted 00:36:24 (13117 turns).

Lobster4 the Destroyer (White Draconian Conjurer)  Turns: 13117, Time: 00:36:24

Health: -9/97      AC: 10    Str: 11      XL:     11   Next: 0%
Magic:  24/24      EV: 11    Int: 24      God:    the Shining One [***...]
Gold:   893        SH:  5    Dex:  4 (5)  Spells: 19/25 levels left

rFire   + . .      SeeInvis .    T - +5 dire flail
rCold   + + .      Faith    .    (shield currently unavailable)
rNeg    + . .      Spirit   .    (body armour unavailable)
rPois   +          Reflect  +    (helmet restricted)
rElec   +          Harm     .    E - +0 cloak
rCorr   +          Rampage  .    (no gloves)
Will    .....      Rage     9%   Y - +1 pair of boots {Stlth+}
Stlth   +.........               s - amulet of reflection
HPRegen 0.36/turn                q - ring of magical power
MPRegen 0.19/turn                H - +6 ring of intelligence

@: resistant (expiring), glowing, unable to read
A: breathe frost, AC +7, unfitting armour, cold resistance 1, cold-blooded,
devolution 1, [berserk 2], [clumsy 2], [deterioration 2], [dopey 2], low MP
1[+2], screaming 1[+1], [inability to read after injury 2]
a: Breathe Frost, Renounce Religion, Divine Shield, Cleansing Flame


You were on level 1 of the Abyss.
You worshipped the Shining One.
The Shining One was most pleased with you.
You visited 1 branch of the dungeon, and saw 10 of its levels.
You visited the Abyss 1 time.
You also visited: Ossuary.

You collected 893 gold pieces.

Inventory:

Hand Weapons
 a - a +1 trident of venom
 b - a +0 sling
 K - a +0 shortbow
 P - a +1 vorpal trident
 R - a +4 falchion
 S - a +3 long sword
 T - a +5 dire flail (weapon)
 V - a +4 halberd
Missiles
 c - 4 curare-tipped darts (quivered)
 l - 19 poisoned darts
 m - 52 stones
 u - 5 boomerangs
 N - 5 boomerangs of dispersal
 X - 5 datura-tipped darts
Armour
 E - a +0 cloak (worn)
 Y - a +1 pair of boots of stealth (worn)
Magical Staves
 v - a staff of air
 G - a staff of earth
Jewellery
 q - a ring of magical power (left hand)
 s - an amulet of reflection (around neck)
 H - a +6 ring of intelligence (right hand)
 Q - an amulet of regeneration
Wands
 o - a wand of acid (1)
 w - a wand of flame (35)
 A - a wand of roots (12)
 J - a wand of polymorph (10)
Scrolls
 h - a scroll of enchant weapon
 n - a scroll of enchant armour
 r - a scroll of blinking
 y - a scroll of amnesia {unknown}
 D - 2 scrolls of poison
 F - a scroll of teleportation
 I - a scroll of magic mapping {unknown}
 L - a scroll of fear
 U - a scroll of immolation {unknown}
 W - a scroll of silence
Potions
 d - 2 potions of mutation
 e - a potion of haste
 f - a potion of invisibility
 g - 3 potions of curing
 i - 2 potions of magic
 j - 2 potions of heal wounds
 k - 2 potions of cancellation
 t - 3 potions of lignification
 x - a potion of ambrosia
 z - 3 potions of might
 C - 4 potions of flight
 O - 2 potions of brilliance


   Skills:
 + Level 9.0 Fighting
 + Level 0.8 Maces & Flails
 - Level 2.0 Polearms
 - Level 1.0 Throwing
 - Level 3.0 Dodging
 - Level 2.0 Stealth
 + Level 7.7 Spellcasting
 + Level 9.1 Conjurations
 + Level 8.7 Ice Magic
 - Level 3.0 Invocations
 - Level 3.0 Evocations


You had 19 spell levels left.
You knew the following spells:

 Your Spells              Type           Power      Damage    Failure   Level
a - Magic Dart            Conj           100%       1d8       1%          1
b - Searing Ray           Conj           100%       2d8       1%          2
c - Hailstorm             Conj/Ice       51%        3d11      1%          3

Your spell library contained the following spells:

 Spells                   Type           Power      Damage    Failure   Level
 Dazzling Flash           Conj/Hex       62%        N/A       3%          3
 Stone Arrow              Conj/Erth      62%        3d10      3%          3
 Sandblast                Erth           18%        2d7       7%          1
 Passwall                 Tmut/Erth      7%         N/A       10%         2
 Fulminant Prism          Conj/Hex       15%        3d11      10%         4
 Iskenderun's Mystic Bla  Conj/Tloc      31%        2d8       10%         4
 Ice Form                 Ice/Tmut       30%        N/A       11%         4
 Kindle Blastsparks       Fire/Tloc/Air  18%        2d11      21%         3
 Manifold Assault         Tloc           9%         N/A       54%         4
 Simulacrum               Ice/Necr       15%        N/A       86%         6
 Lee's Rapid Deconstruct  Erth           4%         3d5*      88%         5
 Dispersal                Tloc           4%         N/A       100%        6
 Disjunction              Tloc           4%         N/A       100%        8


Dungeon Overview and Level Annotations

Branches:
Dungeon (10/15)            Temple (0/1) D:7         Ossuary (visited)
   Lair: D:8-11         Orc: D:9-12

Altars:
Elyvilon
Ru
Trog
Xom
Zin
The Shining One

Shops:
D:3 :

Annotations:
D:3 3 runed translucent doors, JoePro14's ghost, weakling FeTm; hikkokomori's ghost, amateur DgSu
D:10 Erolcha


Innate Abilities, Weirdness & Mutations

You can breathe waves of freezing cold which knock back foes.
Your icy white scales are hard. (AC +7)
You cannot fit into any form of body armour.
Your flesh is cold resistant. (rC+)
You are cold-blooded and may be slowed by cold attacks.
You have hidden genetic defects.
[You have an uncontrollable temper.]
[You are very clumsy. (Dex -4)]
[Your body often deteriorates upon taking damage.]
[You are very dopey. (Int -4)]
[Your magical capacity is extremely low. (-30% MP)]
[You frequently scream uncontrollably at your foes.]
[You sometimes lose the ability to read scrolls when taking damage.]


Message History

You feel a strong urge to scream. A chorus of shrieks assaults your mind.
You puncture the wretched star!
The wretched star is moderately damaged.
The wretched star pulses with an eldritch light!
You feel stupid. x2
You occasionally lose the ability to read scrolls when taking damage.
You lose the ability to read scrolls when taking damage more often.
A starcursed mass splits.
A chorus of shrieks assaults your mind.
You feel threatened and lose the ability to read scrolls!
Your body deteriorates!
You feel clumsy.
You are too injured to fight recklessly!
You are too injured to fight recklessly!
You are too injured to fight recklessly!
You puncture the wretched star!
You tail-slap the wretched star, but do no damage.
The wretched star is heavily damaged.
The wretched star pulses with an eldritch light!
You feel clumsy. x2; You feel a little pissed off.
You feel extremely angry at everything!
You hit the wretched star but do no damage.
The wretched star is heavily damaged.
You start to feel less resistant.
A chorus of shrieks assaults your mind.
A starcursed mass splits.
You hit the wretched star.
You tail-slap the wretched star, but do no damage.
The wretched star is heavily damaged.
You can read scrolls again.
You thump the wretched star!
The wretched star is heavily damaged.
A chorus of shrieks assaults your mind.
You feel threatened and lose the ability to read scrolls!
* * * LOW HITPOINT WARNING * * *
You completely miss the wretched star.
The wretched star is heavily damaged.
The wretched star glows turbulently.
The lance of force hits you!!
You die...

##### X#
##......#
#.#X####
#.#.#
##.X.#
#.#*X#
#.@##*..
#.#.#..#..
#. .#.##
..### ###.


You could see 3 starcursed masses and a wretched star.

Vanquished Creatures
  A sun demon (Abyss:1)
  An orc sorcerer (D:8)
  A troll (D:7)
  A hornet (D:8)
  A vampire (D:9)
  A wraith (D:9)
  7 yaks
  A steam dragon (D:8)
  4 orc warriors
  2 sky beasts
  2 ice beasts
  A black bear (D:5)
  An ogre (D:4)
  3 centaurs
  3 kobold brigands
  3 elf zombies (D:5)
  6 bullfrogs
  A gnoll sergeant (D:6)
  3 scorpions
  An elf skeleton (D:5)
  18 wights
  4 killer bees (D:9)
  An electric eel (D:9)
  10 howler monkeys
  2 crimson imps (D:4)
  A hound (D:6)
  9 orc priests
  A human zombie (D:5)
  4 jellies
  A gnoll bouda (D:5)
  2 human skeletons (D:5)
  2 iguanas (D:6)
  7 orc wizards
  8 mummies (Ossuary)
  7 adders
  8 gnolls
  A white imp (D:4)
  An ufetubus (D:7)
  A worm (D:9)
  5 dart slugs
  28 orcs
  2 ball pythons
  3 bats
  9 endoplasms
  3 giant cockroaches
  A gnoll zombie (Ossuary)
  5 hobgoblins
  4 quokkas
  5 frilled lizards
  6 goblins
  A hobgoblin zombie (Ossuary)
  19 kobolds
  5 kobold zombies (Ossuary)
  3 orc skeletons (D:5)
  2 orc zombies
  5 rats
238 creatures vanquished.

Vanquished Creatures (others)
  A kobold (D:6)
  6 withered plants (D:3)
7 creatures vanquished.

Grand Total: 245 creatures vanquished

Notes
Turn   | Place    | Note
-------+----------+-------------------------------------------
     0 | D:1      | Lobster4 the Draconian Conjurer began the quest for the
                  | Orb.
     0 | D:1      | Reached XP level 1. HP: 14/14 MP: 3/3
   303 | D:1      | Reached XP level 2. HP: 22/22 MP: 3/5
   655 | D:1      | Learned a level 2 spell: Searing Ray
   739 | D:1      | Reached skill level 1 in Fighting
  1428 | D:2      | Reached XP level 3. HP: 28/28 MP: 1/6
  2166 | D:2      | Reached XP level 4. HP: 36/36 MP: 3/7
  2645 | D:3      | Found a faded altar of an unknown god.
  2658 | D:3      | Found a runed translucent gate.
  2658 | D:3      | Found a runed translucent gate.
  2660 | D:3      | Found a runed translucent gate.
  2661 | D:3      | Noticed JoePro14's ghost (weakling FeTm)
  2662 | D:3      | Noticed hikkokomori's ghost (amateur DgSu)
  2969 | D:3      | Found Xaridwu's Vocational Training.
  3995 | D:4      | Reached XP level 5. HP: 17/42 MP: 8/9
  4211 | D:4      | Noticed an ogre
  4516 | D:4      | Found a shimmering altar of Xom.
  4527 | D:4      | Reached skill level 1 in Evocations
  4787 | D:5      | Entered Level 5 of the Dungeon
  4793 | D:5      | Reached XP level 6. HP: 28/51 MP: 10/10
  4939 | D:5      | Reached skill level 5 in Conjurations
  4991 | D:5      | Reached skill level 1 in Throwing
  5165 | D:5      | Your scales start taking on an icy white colour.
  5165 | D:5      | Reached XP level 7. HP: 52/58 MP: 2/12
  5165 | D:5      | Gained mutation: Your flesh is cold resistant. (rC+) [White
                  | Draconian growth]
  5169 | D:5      | Learned a level 3 spell: Hailstorm
  5236 | D:5      | Reached skill level 1 in Ice Magic
  5287 | D:5      | Found a sand-covered staircase.
  5306 | Ossuary  | Entered an ossuary
  6546 | D:5      | Found a glowing silver altar of Zin.
  6547 | D:5      | Found a glowing golden altar of the Shining One.
  6549 | D:5      | Found a white marble altar of Elyvilon.
  6631 | D:5      | Became a worshipper of the Shining One
  6794 | D:4      | Reached XP level 8. HP: 67/67 MP: 14/14
  7112 | D:6      | Reached skill level 5 in Fighting
  7619 | D:6      | Reached skill level 5 in Spellcasting
  8292 | D:6      | Reached skill level 5 in Ice Magic
  8294 | D:6      | Reached XP level 9. HP: 75/75 MP: 16/17
  9160 | D:7      | Reached * piety under the Shining One
  9308 | D:7      | Found a sacrificial altar of Ru.
  9393 | D:7      | Found a staircase to the Ecumenical Temple.
  9409 | D:7      | You fall into a shaft and drop 3 floors!
  9409 | D:10     | Entered Level 10 of the Dungeon
  9531 | D:10     | Reached skill level 1 in Invocations
  9972 | D:9      | Reached XP level 10. HP: 86/86 MP: 9/19
 10149 | D:9      | Noticed a moth of wrath
 10282 | D:9      | Reached skill level 1 in Polearms
 10588 | D:8      | Reached ** piety under the Shining One
 11950 | D:8      | Noticed an orc sorcerer
 11955 | D:8      | Killed an orc sorcerer
 12232 | D:8      | Reached *** piety under the Shining One
 12508 | D:9      | Found a bloodstained altar of Trog.
 12950 | D:10     | Noticed Erolcha
 12955 | Abyss:1  | Cast into level 1 of the Abyss (Erolcha)
 12960 | Abyss:1  | Found a corrupted altar of Lugonu.
 13044 | Abyss:1  | Noticed a sun demon
 13054 | Abyss:1  | Gained mutation: You have hidden genetic defects. [potion
                  | of mutation]
 13054 | Abyss:1  | Gained mutation: [You occasionally shout uncontrollably at
                  | your foes.] [potion of mutation]
 13054 | Abyss:1  | Gained mutation: [Your magical capacity is low. (-10% MP)]
                  | [potion of mutation]
 13054 | Abyss:1  | HP: 2/90 [sun demon (6)]
 13061 | Abyss:1  | Killed a sun demon
 13062 | Abyss:1  | Reached XP level 11. HP: 36/97 MP: 20/20
 13104 | Abyss:1  | Noticed a starcursed mass
 13106 | Abyss:1  | Noticed a wretched star
 13117 | Abyss:1  | Killed from afar by a wretched star

Illustrated notes

Levels and vault maps discovered:
D:1:      dpeg_arrival_radiant, layout_basic
D:2:      layout_basic, serial_glass, glass_columns_c, glass_columns_a
D:3:      layout_basic, basic_ecumenical_altar, gammafunk_ghost_cemetery,
          grunt_decor_cap, dk_noncrumbling_4, nicolae_shop_vocational
D:4:      layout_layer_cave, led_xom_imps
D:5:      layout_basic, good_gods_temple_1, nicolae_ossuary_entry_catacombs,
          minmay_crystal_water
D:6:      layout_gridville, st_stairs_3
D:7:      layout_cave_pods, kennysheep_little_box,
          minmay_temple_entry_butterflies
D:8:      cheibrodos_wizards_tower, layout_cave_pools, st_stairs_10
D:9:      layout_loops_ring, tgw_trog, fountainhead
D:10:     layout_basic, lair_entry_dummy, uniq_erolcha
Abyss:1:  base:
D:5

Skill      XL: |  1  2  3  4  5  6  7  8  9 10 |
---------------+-------------------------------+-----
Stealth        | 2 |  2.0
Dodging        | 2 3 |  3.0
Fighting       | 1 2 3 4 6 7 9 |  9.0
Spellcasting   | 3 4 5 6 7 |  7.7
Evocations     | 1 2 3 |  3.0
Conjurations   | 5 6 8 9 |  9.1
Throwing       | 1 |  1.0
Ice Magic      | 2 5 6 8 |  8.7
Invocations    | 3 |  3.0
Polearms       | 2 |  2.0
Maces & Flails | |  0.8

Action                   |  1- 3 |  4- 6 |  7- 9 | 10-12 || total
-------------------------+-------+-------+-------+-------++-------
Melee: Hand axe          |    23 |    11 |    84 |       ||   118
       Tailslap          |       |     1 |    21 |     4 ||    26
       Punch             |       |       |     3 |       ||     3
       Flail             |       |       |    14 |       ||    14
       Trident           |       |       |     1 |     2 ||     3
       Dire flail        |       |       |       |    11 ||    11
Throw: Dart              |       |       |     4 |     3 ||     7
       Boomerang         |       |       |       |     4 ||     4
 Cast: Magic Dart        |    62 |    59 |   122 |    69 ||   312
       Searing Ray       |     3 |    20 |    76 |    53 ||   152
 Abil: Breathe Frost     |       |       |     2 |     2 ||     4
Evoke: Wand              |       |       |     3 |    12 ||    15
  Use: Scroll            |       |    16 |     6 |     1 ||    23
       Potion            |       |       |     1 |     5 ||     6
Armor: Skin              |     8 |    10 |    55 |    15 ||    88
Dodge: Dodged            |    20 |    13 |    75 |    46 ||   154
Block: Other             |       |     9 |    29 |    16 ||    54
       Reflection        |       |       |     2 |     1 ||     3

Table legend: (Time is in decaauts)
 A = Elapsed time spent in this place.
 B = Non-inter-level travel time spent in this place.
 C = Inter-level travel time spent in this place.
 D = Time resting spent in this place.
 E = Time spent auto-exploring this place.
 F = Levels seen in this place.
 G = Mean time per level.
                   A        B        C        D        E       F      G
               +--------+--------+--------+--------+--------+-----+--------+
         Total |  13187 |  12518 |    669 |   2247 |   7951 |  12 | 1098.9 |
       Dungeon |  12354 |  11685 |    669 |   1783 |   7888 |  10 | 1235.4 |
         Abyss |    164 |    164 |      0 |     43 |      0 |   1 |  164.0 |
       Ossuary |    668 |    668 |      0 |    421 |     63 |   1 |  668.0 |
               +--------+--------+--------+--------+--------+-----+--------+

Top non-repeatable levels by time:
     D:6: 1658 daAuts
     D:5: 1583 daAuts
     D:9: 1530 daAuts
     D:4: 1515 daAuts
     D:7: 1384 daAuts
     D:1: 1273 daAuts
     D:2: 1178 daAuts
     D:8: 1031 daAuts
     D:3: 947 daAuts
 Ossuary: 668 daAuts
    D:10: 252 daAuts
 Abyss:1: 164 daAuts
